Connexion

IceHogs vs Rampage

Created - 20 novembre 2023 at 07:40

Goals
1 2 3 OT1 T
IceHogs 1 1 1 1 4
Rampage 3 0 0 0 3
Shots
1 2 3 OT1 T
IceHogs 7 13 17 3 40
Rampage 13 4 4 4 25

GoalsPenalties
1st period
1. Rampage , Josh Leivo 4 (Eric Cornel 5, Nick Holden 16) at 2:13
2. Rampage , Hudson Fasching 11 (Joseph Labate 14, Michael Sgarbossa 22) at 4:40
3. IceHogs , Jean-Sébastien Dea 17 (Brandon Hickey 24, Dennis Cholowski 19) at 15:48 (PP)
4. Rampage , Matt Martin 9 (Joey Anderson 22, Erik Gudbranson 10) at 18:27
Johnny Kovacevic (SAN) for Holding (Minor) at 8:23
Erik Gudbranson (SAN) for Hooking (Minor) at 14:08
2nd period
5. IceHogs , Dennis Cholowski 5 (Riley Sheahan 26, Charles Hudon 19) at 2:57
Erik Cernak (RCK) for Tripping (Minor) at 4:43
Johnny Kovacevic (SAN) for Hooking (Minor) at 8:48
Josh Brown (SAN) for Roughing (Minor) at 14:01
3rd period
6. IceHogs , Erik Cernak 15 (Riley Sheahan 27, Charles Hudon 20) at 12:51 (PP)
Joseph Labate (SAN) for Hooking (Minor) at 1:26
Curtis McKenzie (SAN) for Hooking (Minor) at 4:30
Erik Gudbranson (SAN) for Tripping (Minor) at 5:23
Erik Gudbranson (SAN) for Boarding (Minor) at 12:14
Overtime #1
7. IceHogs , Riley Sheahan 13 (Charles Hudon 21, Erik Cernak 26) at 3:45
No Penalty
Goalie Stats
Christopher Gibson (RCK), 22 saves from 25 shots - (0,880), W, 21-8-1, 63:46 minutes
Adam Werner (SAN), 36 saves from 40 shots - (0,900), OTL, 12-14-3, 63:46 minutes
3 StarsOfficial
1 - Charles Hudon (RCK)
2 - Riley Sheahan (RCK)
3 - Erik Cernak (RCK)
Referees : Jean Hebert and Dan O'Rourke
Linesman : Scott Cherrey and Lonnie Cameron
Game Note
No Game Note
Finance
Level 1 -- Attendance: 1400 (70,00%) -- Ticket Income 58 800 $
Level 2 -- Attendance: 1000 (100,00%) -- Ticket Income 18 000 $
Total Attendance: 2400 (80,00%)
Total Ticket Income: 76 800 $
Other Income: 15 360 $
Total Income: 92 160 $



Team Name Goals Shots Shots Attemp Shots Blocked PIM HIT PP PK FO%
IceHogs 44071132292 / 8 (25%)047%
Rampage 325571216280 / 1 (0%)253%

IceHogs
Player Name POS G A P +/- PIM HIT SHT SB MP PP MP PP SHT PK MP PK SHT FO% FOT
Andrew SturtzRW000000008:570:0000:0000% 0
Brady VailC000000000:000:0000:0000% 0
Brandon GignacC000000101:020:1510:0000% 1
Brandon HickeyD0110011420:435:4611:2400% 0
Brendan GaunceC/LW000002109:320:0000:35055% 11
Charles HudonLW/RW0331054024:097:3920:00067% 6
Colby WilliamsD000-1021324:207:1910:3500% 0
Colton SceviourC/LW/RW0000022022:367:3910:00025% 4
Danny O'ReganC/RW000-2012026:485:2600:590100% 1
Dennis CholowskiD1120003020:165:4620:5700% 0
Erik CernakD1120244225:247:1930:0000% 0
Frederic AllardD000-1000214:570:0000:0000% 0
Jack DoughertyD000-1013118:050:0001:0200% 0
Jean-Sébastien DeaC/RW101-1004022:405:1120:54048% 21
Mikhail VorobyovC000-1002015:540:0000:08050% 20
Riley SheahanC1231004124:147:3900:22041% 27
William CarrierLW/RW000-1073016:255:2611:0000% 2
Zack O'BrienC/RW000-1045013:160:0000:000100% 1
Rampage
Player Name POS G A P +/- PIM HIT SHT SB MP PP MP PP SHT PK MP PK SHT FO% FOT
Curtis McKenzieLW000-1224020:071:1103:34025% 4
Dmytro TimashovLW000101007:270:0000:0000% 2
Eric CornelC/RW011000109:330:4800:00030% 10
Erik Gudbranson D0113650119:211:1103:3000% 0
Hudson FaschingRW1011003020:450:0007:260100% 2
Jayson MegnaRW0000003012:060:4800:0000% 1
Joey AndersonRW0110011223:061:1108:04062% 21
Johnny KovacevicD000-1401213:440:4800:0000% 0
Joseph LabateLW0111240013:180:0000:000100% 1
Josh BrownD0000240124:490:0006:0500% 0
Josh LeivoRW101100416:280:0000:0000% 0
Matt MartinC/LW/RW1010072021:201:1103:52056% 27
Michael SgarbossaC0111001013:370:0000:00062% 13
Nick HoldenD0112000221:581:1105:5700% 0
Nick RitchieLW0000000013:260:0002:0800% 0
Robert HaggD0000011324:400:0007:2400% 0
Sam CarrickC0000014012:060:4800:00054% 13
Steven KampferD000-1020019:080:4803:1300% 0



Play-by-Play

1st period


0:01 of 1st period - Jean-Sébastien Dea wins face-off versus Matt Martin in neutral zone.
1:01 of 1st period - Shot by Hudson Fasching.
1:01 of 1st period - Shot Blocked by Colby Williams.
1:09 of 1st period - Shot by Hudson Fasching.
1:09 of 1st period - Stopped by Christopher Gibson without a rebound.
1:10 of 1st period - Charles Hudon wins face-off versus Sam Carrick in IceHogs zone.
1:25 of 1st period - Shot by Sam Carrick.
1:25 of 1st period - Deflect By Jayson Megna.
1:25 of 1st period - Shot Misses the Net.
1:27 of 1st period - Shot by Sam Carrick.
1:27 of 1st period - Stopped by Christopher Gibson with a rebound.
1:29 of 1st period - Shot by Sam Carrick.
1:29 of 1st period - Stopped by Christopher Gibson with a rebound.
2:11 of 1st period - Shot by Eric Cornel.
2:11 of 1st period - Shot Misses the Net.
2:13 of 1st period - Shot by Josh Leivo.
2:13 of 1st period - Goal by Josh Leivo - IceHogs : 0 - Rampage : 1.
2:14 of 1st period - Michael Sgarbossa wins face-off versus Brendan Gaunce in neutral zone.
2:20 of 1st period - Brendan Gaunce is hit by Joseph Labate and loses puck.
2:29 of 1st period - Brendan Gaunce is hit by Joseph Labate and loses puck.
2:44 of 1st period - Shot by Robert Hagg.
2:44 of 1st period - Shot Misses the Net.
2:46 of 1st period - Shot by Josh Brown.
2:46 of 1st period - Shot Misses the Net.
2:48 of 1st period - Shot by Robert Hagg.
2:48 of 1st period - Shot Blocked by Frederic Allard.
2:50 of 1st period - Shot by Josh Brown.
2:50 of 1st period - Shot Misses the Net.
2:52 of 1st period - Shot by Robert Hagg.
2:52 of 1st period - Stopped by Christopher Gibson without a rebound.
2:53 of 1st period - Matt Martin wins face-off versus Mikhail Vorobyov in IceHogs zone.
2:57 of 1st period - Icing by Erik Cernak.
2:58 of 1st period - Matt Martin wins face-off versus Mikhail Vorobyov in IceHogs zone.
3:00 of 1st period - Curtis McKenzie is hit by Erik Cernak and loses puck.
3:05 of 1st period - Shot by Joey Anderson.
3:05 of 1st period - Shot Blocked by Erik Cernak.
3:07 of 1st period - Shot by Joey Anderson.
3:07 of 1st period - Shot Misses the Net.
3:09 of 1st period - Shot by Curtis McKenzie.
3:09 of 1st period - Stopped by Christopher Gibson without a rebound.
3:10 of 1st period - Riley Sheahan wins face-off versus Eric Cornel in IceHogs zone.
3:20 of 1st period - Shot by Eric Cornel.
3:20 of 1st period - Shot Blocked by Brandon Hickey.
3:22 of 1st period - Shot by Eric Cornel.
3:22 of 1st period - Shot Blocked by Brandon Hickey.
3:24 of 1st period - Shot by Josh Leivo.
3:24 of 1st period - Shot Misses the Net.
3:47 of 1st period - Shot by Charles Hudon.
3:47 of 1st period - Shot Misses the Net.
4:25 of 1st period - Shot by Erik Cernak.
4:25 of 1st period - Stopped by Adam Werner without a rebound.
4:26 of 1st period - Brendan Gaunce wins face-off versus Michael Sgarbossa in Rampage zone.
4:33 of 1st period - Shot by Jack Dougherty.
4:33 of 1st period - Stopped by Adam Werner without a rebound.
4:34 of 1st period - Michael Sgarbossa wins face-off versus Jean-Sébastien Dea in Rampage zone.
4:34 of 1st period - Michael Sgarbossa is hit by William Carrier.
4:40 of 1st period - Shot by Hudson Fasching.
4:40 of 1st period - Goal by Hudson Fasching - IceHogs : 0 - Rampage : 2.
4:41 of 1st period - Matt Martin wins face-off versus Jean-Sébastien Dea in neutral zone.
4:41 of 1st period - Robert Hagg is hit by William Carrier and loses puck.
4:49 of 1st period - Joey Anderson is hit by Erik Cernak and loses puck.
5:29 of 1st period - Off-side.
5:30 of 1st period - Sam Carrick wins face-off versus Riley Sheahan in neutral zone.
5:40 of 1st period - Off-side.
5:41 of 1st period - Michael Sgarbossa wins face-off versus Riley Sheahan in neutral zone.
6:22 of 1st period - Shot by Michael Sgarbossa.
6:22 of 1st period - Stopped by Christopher Gibson without a rebound.
6:23 of 1st period - Sam Carrick wins face-off versus Mikhail Vorobyov in IceHogs zone.
6:34 of 1st period - Shot by Jayson Megna.
6:34 of 1st period - Stopped by Christopher Gibson without a rebound.
6:35 of 1st period - Matt Martin wins face-off versus Brendan Gaunce in IceHogs zone.
6:52 of 1st period - Shot by Jean-Sébastien Dea.
6:52 of 1st period - Stopped by Adam Werner without a rebound.
6:53 of 1st period - Sam Carrick wins face-off versus Mikhail Vorobyov in Rampage zone.
6:53 of 1st period - Robert Hagg is hit by Zack O'Brien and loses puck.
7:19 of 1st period - Josh Brown is hit by Colby Williams and loses puck.
7:25 of 1st period - Icing by Danny O'Regan.
7:26 of 1st period - Mikhail Vorobyov wins face-off versus Matt Martin in IceHogs zone.
8:11 of 1st period - Jean-Sébastien Dea is hit by Matt Martin and loses puck.
8:23 of 1st period - Minor Penalty to Johnny Kovacevic for Holding.
8:24 of 1st period - Joey Anderson wins face-off versus Colton Sceviour in Rampage zone.
8:48 of 1st period - Icing by Charles Hudon.
8:49 of 1st period - Riley Sheahan wins face-off versus Joey Anderson in IceHogs zone.
8:54 of 1st period - Charles Hudon is hit by Joey Anderson.
9:35 of 1st period - Icing by Danny O'Regan.
9:36 of 1st period - Matt Martin wins face-off versus Jean-Sébastien Dea in IceHogs zone.
9:57 of 1st period - Shot by William Carrier.
9:57 of 1st period - Stopped by Adam Werner with a rebound.
10:25 of 1st period - Shot by Colton Sceviour.
10:25 of 1st period - Shot Blocked by Johnny Kovacevic.
10:47 of 1st period - Shot by Brendan Gaunce.
10:47 of 1st period - Shot Blocked by Johnny Kovacevic.
10:52 of 1st period - Johnny Kovacevic is hit by Jack Dougherty and loses puck.
10:55 of 1st period - Shot by Eric Cornel.
10:55 of 1st period - Shot Misses the Net.
11:50 of 1st period - Shot by Sam Carrick.
11:50 of 1st period - Shot Misses the Net.
11:52 of 1st period - Shot by Jayson Megna.
11:52 of 1st period - Stopped by Christopher Gibson without a rebound.
11:53 of 1st period - Danny O'Regan wins face-off versus Matt Martin in IceHogs zone.
12:14 of 1st period - Icing by Colby Williams.
12:15 of 1st period - Mikhail Vorobyov wins face-off versus Michael Sgarbossa in IceHogs zone.
12:30 of 1st period - Shot by Mikhail Vorobyov.
12:30 of 1st period - Shot Blocked by Josh Brown.
13:23 of 1st period - Colton Sceviour is hit by Matt Martin and loses puck.
13:27 of 1st period - Dennis Cholowski is hit by Erik Gudbranson and loses puck.
13:39 of 1st period - Riley Sheahan is hit by Erik Gudbranson and loses puck.
13:54 of 1st period - Frederic Allard is hit by Curtis McKenzie and loses puck.
14:08 of 1st period - Minor Penalty to Erik Gudbranson for Hooking.
14:09 of 1st period - Joey Anderson wins face-off versus Brandon Gignac in Rampage zone.
14:09 of 1st period - Joey Anderson is hit by William Carrier.
14:23 of 1st period - Shot by Brandon Gignac.
14:23 of 1st period - Stopped by Adam Werner without a rebound.
14:24 of 1st period - Riley Sheahan wins face-off versus Joey Anderson in Rampage zone.
14:29 of 1st period - Shot by Charles Hudon.
14:29 of 1st period - Stopped by Adam Werner without a rebound.
14:30 of 1st period - Riley Sheahan wins face-off versus Joey Anderson in Rampage zone.
14:57 of 1st period - Icing by Charles Hudon.
14:58 of 1st period - Riley Sheahan wins face-off versus Joey Anderson in IceHogs zone.
15:03 of 1st period - Steven Kampfer is hit by Charles Hudon and loses puck.
15:20 of 1st period - Shot by Brandon Hickey.
15:20 of 1st period - Shot Misses the Net.
15:38 of 1st period - Icing by William Carrier.
15:39 of 1st period - Jean-Sébastien Dea wins face-off versus Matt Martin in IceHogs zone.
15:48 of 1st period - Shot by Jean-Sébastien Dea.
15:48 of 1st period - Goal by Jean-Sébastien Dea - IceHogs : 1 - Rampage : 2.
15:49 of 1st period - Mikhail Vorobyov wins face-off versus Sam Carrick in neutral zone.
15:59 of 1st period - Icing by Robert Hagg.
16:00 of 1st period - Riley Sheahan wins face-off versus Sam Carrick in Rampage zone.
16:24 of 1st period - Icing by Colton Sceviour.
16:25 of 1st period - Eric Cornel wins face-off versus Riley Sheahan in IceHogs zone.
16:34 of 1st period - Icing by Colton Sceviour.
16:35 of 1st period - Riley Sheahan wins face-off versus Matt Martin in IceHogs zone.
16:59 of 1st period - Off-side.
17:00 of 1st period - Joseph Labate wins face-off versus William Carrier in neutral zone.
17:52 of 1st period - Riley Sheahan is hit by Joseph Labate and loses puck.
18:17 of 1st period - Shot by Matt Martin.
18:17 of 1st period - Shot Misses the Net.
18:19 of 1st period - Shot by Erik Gudbranson .
18:19 of 1st period - Shot Misses the Net.
18:21 of 1st period - Shot by Joey Anderson.
18:21 of 1st period - Shot Misses the Net.
18:23 of 1st period - Shot by Joey Anderson.
18:23 of 1st period - Shot Misses the Net.
18:25 of 1st period - Shot by Joey Anderson.
18:25 of 1st period - Shot Blocked by Brandon Hickey.
18:27 of 1st period - Shot by Matt Martin.
18:27 of 1st period - Goal by Matt Martin - IceHogs : 1 - Rampage : 3.
18:28 of 1st period - Sam Carrick wins face-off versus Mikhail Vorobyov in neutral zone.
18:28 of 1st period - Jayson Megna is hit by Zack O'Brien and loses puck.
18:41 of 1st period - Shot by Jayson Megna.
18:41 of 1st period - Stopped by Christopher Gibson without a rebound.
18:42 of 1st period - Brendan Gaunce wins face-off versus Eric Cornel in IceHogs zone.
18:42 of 1st period - Brendan Gaunce is hit by Dmytro Timashov.
18:48 of 1st period - Shot by Erik Cernak.
18:48 of 1st period - Shot Blocked by Nick Holden.
18:54 of 1st period - Shot by Josh Leivo.
18:54 of 1st period - Stopped by Christopher Gibson without a rebound.
18:55 of 1st period - Matt Martin wins face-off versus Mikhail Vorobyov in IceHogs zone.
18:56 of 1st period - Shot by Curtis McKenzie.
18:56 of 1st period - Shot Blocked by Frederic Allard.
Goals for this period are 1 for IceHogs vs 3 for Rampage.
Shots for this period are 7 for IceHogs vs 13 for Rampage.

2nd period


0:01 of 2nd period - Matt Martin wins face-off versus Jean-Sébastien Dea in neutral zone.
0:10 of 2nd period - Shot by Joey Anderson.
0:10 of 2nd period - Stopped by Christopher Gibson with a rebound.
0:34 of 2nd period - Shot by Curtis McKenzie.
0:34 of 2nd period - Stopped by Christopher Gibson without a rebound.
0:35 of 2nd period - Riley Sheahan wins face-off versus Michael Sgarbossa in IceHogs zone.
0:44 of 2nd period - Michael Sgarbossa is hit by Charles Hudon.
1:10 of 2nd period - Shot by Charles Hudon.
1:10 of 2nd period - Shot Misses the Net.
1:40 of 2nd period - Shot by Sam Carrick.
1:40 of 2nd period - Stopped by Christopher Gibson without a rebound.
1:41 of 2nd period - Matt Martin wins face-off versus Brendan Gaunce in IceHogs zone.
1:49 of 2nd period - Curtis McKenzie is hit by Erik Cernak and loses puck.
2:16 of 2nd period - Shot by Andrew Sturtz.
2:16 of 2nd period - Shot Misses the Net.
2:27 of 2nd period - Icing by Joey Anderson.
2:28 of 2nd period - Charles Hudon wins face-off versus Matt Martin in Rampage zone.
2:47 of 2nd period - Shot by Riley Sheahan.
2:47 of 2nd period - Stopped by Adam Werner with a rebound.
2:55 of 2nd period - Shot by Riley Sheahan.
2:55 of 2nd period - Stopped by Adam Werner with a rebound.
2:57 of 2nd period - Shot by Dennis Cholowski.
2:57 of 2nd period - Goal by Dennis Cholowski - IceHogs : 2 - Rampage : 3.
2:58 of 2nd period - Michael Sgarbossa wins face-off versus Mikhail Vorobyov in neutral zone.
3:13 of 2nd period - Shot by Mikhail Vorobyov.
3:13 of 2nd period - Stopped by Adam Werner with a rebound.
3:31 of 2nd period - Shot by Frederic Allard.
3:31 of 2nd period - Shot Blocked by Robert Hagg.
4:04 of 2nd period - Shot by Jean-Sébastien Dea.
4:04 of 2nd period - Deflect By Brendan Gaunce.
4:04 of 2nd period - Stopped by Adam Werner with a rebound.
4:09 of 2nd period - Brendan Gaunce is hit by Josh Brown and loses puck.
4:43 of 2nd period - Minor Penalty to Erik Cernak for Tripping.
4:44 of 2nd period - Mikhail Vorobyov wins face-off versus Matt Martin in IceHogs zone.
4:44 of 2nd period - Mikhail Vorobyov is hit by Curtis McKenzie.
4:51 of 2nd period - Icing by Nick Holden.
4:52 of 2nd period - Jean-Sébastien Dea wins face-off versus Curtis McKenzie in Rampage zone.
5:15 of 2nd period - Dennis Cholowski is hit by Matt Martin.
6:51 of 2nd period - Shot by Josh Leivo.
6:51 of 2nd period - Stopped by Christopher Gibson without a rebound.
6:52 of 2nd period - Eric Cornel wins face-off versus Riley Sheahan in IceHogs zone.
6:52 of 2nd period - Eric Cornel is hit by Colby Williams.
7:02 of 2nd period - Icing by Erik Cernak.
7:03 of 2nd period - Michael Sgarbossa wins face-off versus Riley Sheahan in IceHogs zone.
7:03 of 2nd period - Joseph Labate is hit by Erik Cernak and loses puck.
7:30 of 2nd period - Shot by Michael Sgarbossa.
7:30 of 2nd period - Deflect By Hudson Fasching.
7:30 of 2nd period - Shot Blocked by Colby Williams.
7:32 of 2nd period - Shot by Michael Sgarbossa.
7:32 of 2nd period - Shot Blocked by Erik Cernak.
7:34 of 2nd period - Shot by Joseph Labate.
7:34 of 2nd period - Shot Blocked by Colby Williams.
8:13 of 2nd period - Mikhail Vorobyov is hit by Steven Kampfer and loses puck.
8:48 of 2nd period - Minor Penalty to Johnny Kovacevic for Hooking.
8:49 of 2nd period - Jean-Sébastien Dea wins face-off versus Joey Anderson in Rampage zone.
9:00 of 2nd period - Shot by Brandon Hickey.
9:00 of 2nd period - Shot Misses the Net.
9:02 of 2nd period - Shot by Jean-Sébastien Dea.
9:02 of 2nd period - Stopped by Adam Werner without a rebound.
9:03 of 2nd period - Colton Sceviour wins face-off versus Joey Anderson in Rampage zone.
9:06 of 2nd period - Shot by Charles Hudon.
9:06 of 2nd period - Stopped by Adam Werner without a rebound.
9:07 of 2nd period - Joey Anderson wins face-off versus Riley Sheahan in Rampage zone.
9:26 of 2nd period - Shot by Colton Sceviour.
9:26 of 2nd period - Shot Misses the Net.
10:58 of 2nd period - Frederic Allard is hit by Sam Carrick and loses puck.
11:08 of 2nd period - Icing by Nick Ritchie.
11:09 of 2nd period - Mikhail Vorobyov wins face-off versus Sam Carrick in Rampage zone.
12:45 of 2nd period - Shot by Charles Hudon.
12:45 of 2nd period - Stopped by Adam Werner without a rebound.
12:46 of 2nd period - Mikhail Vorobyov wins face-off versus Michael Sgarbossa in Rampage zone.
12:46 of 2nd period - Mikhail Vorobyov is hit by Erik Gudbranson .
12:52 of 2nd period - Shot by Zack O'Brien.
12:52 of 2nd period - Stopped by Adam Werner without a rebound.
12:53 of 2nd period - Michael Sgarbossa wins face-off versus Riley Sheahan in Rampage zone.
13:19 of 2nd period - Icing by Nick Holden.
13:20 of 2nd period - Hudson Fasching wins face-off versus Mikhail Vorobyov in Rampage zone.
13:22 of 2nd period - Michael Sgarbossa is hit by Zack O'Brien and loses puck.
13:47 of 2nd period - Michael Sgarbossa is hit by Brandon Hickey and loses puck.
13:54 of 2nd period - Nick Holden is hit by Danny O'Regan and loses puck.
13:59 of 2nd period - Shot by Zack O'Brien.
13:59 of 2nd period - Stopped by Adam Werner without a rebound.
14:00 of 2nd period - Riley Sheahan wins face-off versus Curtis McKenzie in Rampage zone.
14:00 of 2nd period - Colby Williams is hit by Josh Brown.
14:01 of 2nd period - Minor Penalty to Josh Brown for Roughing.
14:02 of 2nd period - Joey Anderson wins face-off versus Colton Sceviour in Rampage zone.
15:02 of 2nd period - Shot by Brandon Hickey.
15:02 of 2nd period - Stopped by Adam Werner without a rebound.
15:03 of 2nd period - Joey Anderson wins face-off versus Jean-Sébastien Dea in Rampage zone.
15:30 of 2nd period - Erik Gudbranson is hit by William Carrier.
15:50 of 2nd period - Shot by Colton Sceviour.
15:50 of 2nd period - Shot Misses the Net.
15:52 of 2nd period - Shot by Colton Sceviour.
15:52 of 2nd period - Stopped by Adam Werner without a rebound.
15:53 of 2nd period - Joey Anderson wins face-off versus Colton Sceviour in Rampage zone.
17:33 of 2nd period - Icing by Nick Holden.
17:34 of 2nd period - Matt Martin wins face-off versus Charles Hudon in Rampage zone.
17:39 of 2nd period - Shot by Curtis McKenzie.
17:39 of 2nd period - Shot Misses the Net.
18:03 of 2nd period - Shot by Colton Sceviour.
18:03 of 2nd period - Shot Blocked by Nick Holden.
18:05 of 2nd period - Shot by Charles Hudon.
18:05 of 2nd period - Shot Misses the Net.
18:11 of 2nd period - Shot by Colton Sceviour.
18:11 of 2nd period - Stopped by Adam Werner without a rebound.
18:12 of 2nd period - Mikhail Vorobyov wins face-off versus Michael Sgarbossa in Rampage zone.
19:16 of 2nd period - Zack O'Brien is hit by Robert Hagg and loses puck.
19:53 of 2nd period - Shot by Colton Sceviour.
19:53 of 2nd period - Shot Blocked by Robert Hagg.
Goals for this period are 1 for IceHogs vs 0 for Rampage.
Shots for this period are 13 for IceHogs vs 4 for Rampage.

3rd period


0:01 of 3rd period - Jean-Sébastien Dea wins face-off versus Matt Martin in neutral zone.
0:07 of 3rd period - Danny O'Regan is hit by Josh Brown and loses puck.
0:13 of 3rd period - Off-side.
0:14 of 3rd period - Michael Sgarbossa wins face-off versus Riley Sheahan in neutral zone.
0:31 of 3rd period - Off-side.
0:32 of 3rd period - Jean-Sébastien Dea wins face-off versus Matt Martin in neutral zone.
0:32 of 3rd period - Jean-Sébastien Dea is hit by Matt Martin.
0:35 of 3rd period - William Carrier is hit by Josh Brown.
0:40 of 3rd period - Icing by Robert Hagg.
0:41 of 3rd period - Matt Martin wins face-off versus Jean-Sébastien Dea in Rampage zone.
0:55 of 3rd period - Icing by Brandon Hickey.
0:56 of 3rd period - Hudson Fasching wins face-off versus Jean-Sébastien Dea in IceHogs zone.
1:02 of 3rd period - Brandon Hickey is hit by Joseph Labate and loses puck.
1:26 of 3rd period - Minor Penalty to Joseph Labate for Hooking.
1:27 of 3rd period - Joey Anderson wins face-off versus Riley Sheahan in Rampage zone.
1:27 of 3rd period - Joey Anderson is hit by Charles Hudon.
2:23 of 3rd period - Icing by Brandon Hickey.
2:24 of 3rd period - Matt Martin wins face-off versus William Carrier in IceHogs zone.
2:33 of 3rd period - Shot by Curtis McKenzie.
2:33 of 3rd period - Shot Misses the Net.
3:34 of 3rd period - Icing by Steven Kampfer.
3:35 of 3rd period - Brendan Gaunce wins face-off versus Eric Cornel in Rampage zone.
3:40 of 3rd period - Shot by Jack Dougherty.
3:40 of 3rd period - Stopped by Adam Werner without a rebound.
3:41 of 3rd period - Sam Carrick wins face-off versus Mikhail Vorobyov in Rampage zone.
4:04 of 3rd period - Shot by Nick Ritchie.
4:04 of 3rd period - Shot Blocked by Jack Dougherty.
4:06 of 3rd period - Shot by Nick Ritchie.
4:06 of 3rd period - Shot Misses the Net.
4:08 of 3rd period - Shot by Johnny Kovacevic.
4:08 of 3rd period - Stopped by Christopher Gibson without a rebound.
4:09 of 3rd period - Matt Martin wins face-off versus Riley Sheahan in IceHogs zone.
4:14 of 3rd period - Shot by Joey Anderson.
4:14 of 3rd period - Shot Misses the Net.
4:28 of 3rd period - Colton Sceviour is hit by Matt Martin and loses puck.
4:30 of 3rd period - Minor Penalty to Curtis McKenzie for Hooking.
4:31 of 3rd period - Joey Anderson wins face-off versus Jean-Sébastien Dea in Rampage zone.
4:31 of 3rd period - Joey Anderson is hit by William Carrier.
4:43 of 3rd period - Shot by Colby Williams.
4:43 of 3rd period - Stopped by Adam Werner without a rebound.
4:44 of 3rd period - Joey Anderson wins face-off versus Riley Sheahan in Rampage zone.
5:14 of 3rd period - Colton Sceviour is hit by Erik Gudbranson and loses puck.
5:20 of 3rd period - Shot by Erik Cernak.
5:20 of 3rd period - Stopped by Adam Werner with a rebound.
5:23 of 3rd period - Minor Penalty to Erik Gudbranson for Tripping.
5:24 of 3rd period - Joey Anderson wins face-off versus Jean-Sébastien Dea in Rampage zone.
5:37 of 3rd period - Shot by Dennis Cholowski.
5:37 of 3rd period - Stopped by Adam Werner with a rebound.
5:39 of 3rd period - Shot by Dennis Cholowski.
5:39 of 3rd period - Shot Misses the Net.
5:41 of 3rd period - Shot by Dennis Cholowski.
5:41 of 3rd period - Stopped by Adam Werner without a rebound.
5:42 of 3rd period - Jean-Sébastien Dea wins face-off versus Joey Anderson in Rampage zone.
5:43 of 3rd period - Shot by Dennis Cholowski.
5:43 of 3rd period - Shot Blocked by Joey Anderson.
6:19 of 3rd period - Off-side.
6:20 of 3rd period - Joey Anderson wins face-off versus Riley Sheahan in neutral zone.
6:36 of 3rd period - Shot by Erik Cernak.
6:36 of 3rd period - Stopped by Adam Werner without a rebound.
6:37 of 3rd period - Joey Anderson wins face-off versus Riley Sheahan in Rampage zone.
7:30 of 3rd period - Shot by Zack O'Brien.
7:30 of 3rd period - Shot Misses the Net.
7:32 of 3rd period - Shot by Zack O'Brien.
7:32 of 3rd period - Stopped by Adam Werner without a rebound.
7:33 of 3rd period - Eric Cornel wins face-off versus Jean-Sébastien Dea in Rampage zone.
7:33 of 3rd period - Eric Cornel is hit by William Carrier.
7:43 of 3rd period - Shot by Josh Leivo.
7:43 of 3rd period - Shot Blocked by Brandon Hickey.
7:59 of 3rd period - Shot by William Carrier.
7:59 of 3rd period - Deflect By Jean-Sébastien Dea.
7:59 of 3rd period - Shot Misses the Net.
8:01 of 3rd period - Shot by William Carrier.
8:01 of 3rd period - Shot Blocked by Robert Hagg.
8:03 of 3rd period - Shot by William Carrier.
8:03 of 3rd period - Shot Blocked by Josh Leivo.
8:26 of 3rd period - Icing by Dmytro Timashov.
8:27 of 3rd period - Riley Sheahan wins face-off versus Eric Cornel in Rampage zone.
8:46 of 3rd period - Shot by Riley Sheahan.
8:46 of 3rd period - Stopped by Adam Werner without a rebound.
8:47 of 3rd period - Brendan Gaunce wins face-off versus Matt Martin in Rampage zone.
8:57 of 3rd period - Icing by Erik Gudbranson .
8:58 of 3rd period - Zack O'Brien wins face-off versus Joey Anderson in Rampage zone.
9:03 of 3rd period - Shot by Mikhail Vorobyov.
9:03 of 3rd period - Stopped by Adam Werner with a rebound.
9:05 of 3rd period - Shot by Mikhail Vorobyov.
9:05 of 3rd period - Shot Blocked by Erik Gudbranson .
9:07 of 3rd period - Shot by Zack O'Brien.
9:07 of 3rd period - Stopped by Adam Werner without a rebound.
9:08 of 3rd period - Michael Sgarbossa wins face-off versus Riley Sheahan in Rampage zone.
9:08 of 3rd period - Michael Sgarbossa is hit by Charles Hudon.
9:28 of 3rd period - Shot by Charles Hudon.
9:28 of 3rd period - Stopped by Adam Werner without a rebound.
9:29 of 3rd period - Jean-Sébastien Dea wins face-off versus Matt Martin in Rampage zone.
9:34 of 3rd period - Shot by Jean-Sébastien Dea.
9:34 of 3rd period - Shot Blocked by Joey Anderson.
10:04 of 3rd period - Shot by William Carrier.
10:04 of 3rd period - Shot Misses the Net.
10:48 of 3rd period - Shot by Hudson Fasching.
10:48 of 3rd period - Shot Misses the Net.
10:50 of 3rd period - Shot by Josh Brown.
10:50 of 3rd period - Shot Blocked by Riley Sheahan.
11:18 of 3rd period - Shot by Zack O'Brien.
11:18 of 3rd period - Stopped by Adam Werner without a rebound.
11:19 of 3rd period - Sam Carrick wins face-off versus Brendan Gaunce in Rampage zone.
11:19 of 3rd period - Sam Carrick is hit by Brendan Gaunce.
11:22 of 3rd period - Nick Ritchie is hit by Brendan Gaunce and loses puck.
11:31 of 3rd period - Shot by Jack Dougherty.
11:31 of 3rd period - Stopped by Adam Werner without a rebound.
11:32 of 3rd period - Mikhail Vorobyov wins face-off versus Eric Cornel in Rampage zone.
11:35 of 3rd period - Shot by Danny O'Regan.
11:35 of 3rd period - Shot Misses the Net.
11:51 of 3rd period - Shot by Josh Leivo.
11:51 of 3rd period - Stopped by Christopher Gibson without a rebound.
11:52 of 3rd period - Matt Martin wins face-off versus Brendan Gaunce in IceHogs zone.
12:05 of 3rd period - Shot by Jean-Sébastien Dea.
12:05 of 3rd period - Stopped by Adam Werner without a rebound.
12:06 of 3rd period - Jean-Sébastien Dea wins face-off versus Sam Carrick in Rampage zone.
12:07 of 3rd period - Shot by William Carrier.
12:07 of 3rd period - Shot Misses the Net.
12:13 of 3rd period - Shot by Jean-Sébastien Dea.
12:13 of 3rd period - Shot Misses the Net.
12:14 of 3rd period - Minor Penalty to Erik Gudbranson for Boarding.
12:15 of 3rd period - Joey Anderson wins face-off versus Riley Sheahan in Rampage zone.
12:15 of 3rd period - Joey Anderson is hit by Colton Sceviour.
12:43 of 3rd period - Shot by Colby Williams.
12:43 of 3rd period - Shot Misses the Net.
12:45 of 3rd period - Shot by Charles Hudon.
12:45 of 3rd period - Shot Misses the Net.
12:47 of 3rd period - Shot by Riley Sheahan.
12:47 of 3rd period - Shot Misses the Net.
12:51 of 3rd period - Shot by Erik Cernak.
12:51 of 3rd period - Goal by Erik Cernak - IceHogs : 3 - Rampage : 3.
12:52 of 3rd period - Jean-Sébastien Dea wins face-off versus Jayson Megna in neutral zone.
12:54 of 3rd period - Brandon Hickey is hit by Erik Gudbranson and loses puck.
13:07 of 3rd period - Shot by Sam Carrick.
13:07 of 3rd period - Shot Misses the Net.
13:14 of 3rd period - Off-side.
13:15 of 3rd period - Brendan Gaunce wins face-off versus Dmytro Timashov in neutral zone.
15:28 of 3rd period - Mikhail Vorobyov is hit by Steven Kampfer.
16:00 of 3rd period - Joseph Labate is hit by Zack O'Brien and loses puck.
16:21 of 3rd period - Shot by Sam Carrick.
16:21 of 3rd period - Stopped by Christopher Gibson without a rebound.
16:22 of 3rd period - Brendan Gaunce wins face-off versus Sam Carrick in IceHogs zone.
17:14 of 3rd period - Shot by Danny O'Regan.
17:14 of 3rd period - Stopped by Adam Werner without a rebound.
17:15 of 3rd period - Charles Hudon wins face-off versus Matt Martin in Rampage zone.
17:21 of 3rd period - Icing by Curtis McKenzie.
17:22 of 3rd period - Matt Martin wins face-off versus Riley Sheahan in Rampage zone.
17:22 of 3rd period - Matt Martin is hit by Colton Sceviour.
17:32 of 3rd period - Dennis Cholowski is hit by Matt Martin and loses puck.
17:56 of 3rd period - Josh Brown is hit by Charles Hudon.
18:28 of 3rd period - Shot by Hudson Fasching.
18:28 of 3rd period - Stopped by Christopher Gibson without a rebound.
18:29 of 3rd period - Sam Carrick wins face-off versus Jean-Sébastien Dea in IceHogs zone.
18:51 of 3rd period - Shot by Danny O'Regan.
18:51 of 3rd period - Stopped by Adam Werner with a rebound.
18:57 of 3rd period - Jayson Megna is hit by William Carrier and loses puck.
Goals for this period are 1 for IceHogs vs 0 for Rampage.
Shots for this period are 17 for IceHogs vs 4 for Rampage.

Overtime #1


0:01 of 1st overtime period - Matt Martin wins face-off versus Mikhail Vorobyov in neutral zone.
0:10 of 1st overtime period - Shot by Matt Martin.
0:10 of 1st overtime period - Stopped by Christopher Gibson with a rebound.
1:07 of 1st overtime period - Shot by Curtis McKenzie.
1:07 of 1st overtime period - Stopped by Christopher Gibson without a rebound.
1:08 of 1st overtime period - Charles Hudon wins face-off versus Eric Cornel in IceHogs zone.
1:12 of 1st overtime period - Off-side.
1:13 of 1st overtime period - Mikhail Vorobyov wins face-off versus Eric Cornel in neutral zone.
1:20 of 1st overtime period - Shot by William Carrier.
1:20 of 1st overtime period - Shot Misses the Net.
1:32 of 1st overtime period - Shot by Eric Cornel.
1:32 of 1st overtime period - Stopped by Christopher Gibson without a rebound.
1:33 of 1st overtime period - Riley Sheahan wins face-off versus Curtis McKenzie in IceHogs zone.
2:40 of 1st overtime period - Shot by William Carrier.
2:40 of 1st overtime period - Stopped by Adam Werner without a rebound.
2:41 of 1st overtime period - Curtis McKenzie wins face-off versus Charles Hudon in Rampage zone.
2:52 of 1st overtime period - Shot by Curtis McKenzie.
2:52 of 1st overtime period - Stopped by Christopher Gibson without a rebound.
2:53 of 1st overtime period - Mikhail Vorobyov wins face-off versus Dmytro Timashov in IceHogs zone.
2:53 of 1st overtime period - Mikhail Vorobyov is hit by Matt Martin.
3:15 of 1st overtime period - Shot by William Carrier.
3:15 of 1st overtime period - Stopped by Adam Werner with a rebound.
3:45 of 1st overtime period - Shot by Riley Sheahan.
3:45 of 1st overtime period - Goal by Riley Sheahan - IceHogs : 4 - Rampage : 3.
Goals for this period are 1 for IceHogs vs 0 for Rampage.
Shots for this period are 3 for IceHogs vs 4 for Rampage.